 Dungeon Crawl Stone Soup version 0.18-b1-16-g289874d (webtiles) character file.

17075 Freud the Blocker (level 12, -2/98 HPs)
             Began as a Formicid Fighter on May 1, 2016.
             Was a High Priest of Okawaru.
             Slain by a spiny frog (12 damage)
             ... on level 2 of the Lair of Beasts.
             The game lasted 09:12:27 (12790 turns).

Freud the Blocker (Formicid Fighter)               Turns: 12790, Time: 09:12:28

Health: -2/98      AC: 20    Str: 26    XL:     12   Next: 78%
Magic:  18/18      EV: 10    Int:  8    God:    Okawaru [*****.]
Gold:   828        SH: 15    Dex:  8    Spells: 1 memorised, 12 levels left

rFire  . . .     SeeInvis +     a - +2 quarterstaff (chaos)
rCold  . . .     Gourm    .     U - +0 plate armour (curse)
rNeg   + . .     Faith    .     i - +1 shield
rPois  .         Spirit   .     (helmet unavailable)
rElec  .         Dismiss  .     o - +0 cloak
rCorr  .         Reflect  .     (no gloves)
SustAt .         Harm     .     x - +0 pair of boots
MR     +++..                    (no amulet)
Stlth  ..........               q - ring of protection from magic
                                J - ring of positive energy

@: heroism, extremely resistant to hostile enchantments, extremely unstealthy
A: permanent stasis, dig shafts and tunnels, four strong arms, antennae 3,
blurry vision 1, clumsy 1, magic resistance 1, shaggy fur 1, slow regeneration
1, subdued magic 1
a: Dig, Shaft Self, Heroism, Finesse, Renounce Religion


You were on level 2 of the Lair of Beasts.
You worshipped Okawaru.
Okawaru was extremely pleased with you.
You were not hungry.

You visited 3 branches of the dungeon, and saw 13 of its levels.

You collected 828 gold pieces.

Inventory:

Hand Weapons
 a - a +2 quarterstaff of chaos (weapon)
 b - a +0 hand crossbow
 I - a +1 dagger of venom
Missiles
 h - 119 bolts
 j - 6 steel tomahawks (quivered)
 D - 12 tomahawks
 K - 3 throwing nets
 T - 20 poisoned needles
Armour
 i - a +1 shield (worn)
 o - a +0 cloak (worn)
 x - a +0 pair of boots (worn)
 U - a cursed +0 plate armour (worn)
Jewellery
 q - a ring of protection from magic (right hand)
 J - a ring of positive energy (left hand)
Wands
 d - a wand of lightning (11/15)
 w - a wand of paralysis (22/24)
 Z - a wand of polymorph (9/24)
Scrolls
 c - a scroll of teleportation {unknown}
 r - a scroll of remove curse
 s - a scroll of magic mapping
 v - 2 scrolls of enchant weapon {unknown}
 M - a scroll of fog {unknown}
 R - a scroll of acquirement {unknown}
Potions
 e - 2 potions of resistance
 m - 2 potions of agility
 n - 3 potions of flight
 L - a potion of curing
 P - a potion of cancellation {unknown}
 S - a potion of cure mutation {unknown}
 V - a potion of might
 W - a potion of ambrosia {unknown}
 X - a potion of lignification {unknown}
 Y - a potion of invisibility
Miscellaneous
 Q - a lamp of fire
Comestibles
 f - 9 bread rations
 g - 10 fruits
 k - 29 chunks of flesh
 p - 4 meat rations
 t - 10 beef jerkies


   Skills:
 + Level 10.3(15.3) Fighting
 - Level 9.0(14.0) Staves
 - Level 8.0(13.0) Crossbows
 + Level 9.2(14.2) Armour
 - Level 2.0(7.0) Dodging
 + Level 10.6(15.6) Shields
 - Level 1.1 Spellcasting
 - Level 1.1 Summonings
 - Level 8.0 Invocations


You had 12 spell levels left.
You knew the following spells:

 Your Spells              Type           Power        Failure   Level  Hunger
a - Summon Butterflies    Summ           #.......     99%         1    ##.....


Dungeon Overview and Level Annotations

Branches:
Dungeon (10/15)            Temple (1/1) D:6            Lair (2/8) D:10
    Orc (0/2) D:10

Altars:
Ashenzari
Cheibriados
Dithmenos
Elyvilon
Fedhas
Gozag
Kikubaaqudgha
Makhleb
Nemelex Xobeh
Okawaru
Pakellas
Qazlal
Ru
Sif Muna
Trog
Vehumet
Xom
Yredelemnul
Zin
The Shining One

Shops:
D:5 }

Annotations:
Lair:1 Harold


Innate Abilities, Weirdness & Mutations

You are under a permanent stasis effect.
You can dig through walls and to a lower floor.
Your four strong arms can wield two-handed weapons with a shield.
You have a pair of large antennae on your head (SInv).
Scrolls take you a little longer to read.
You are clumsy. (Dex -2)
You are resistant to hostile enchantments.
You are covered in fur (AC +1).
You regenerate slowly when monsters are visible.
Your spells are a little easier to cast, but a little less powerful.


Message History

Harold throws a throwing net.
The throwing net hits you.
You become entangled in the net!
You see here a throwing net.
You struggle against the net.
You try to slip out of the net.
Harold casts a spell at you. The bolt of fire hits you!
* * * LOW HITPOINT WARNING * * *
You tear a large gash into the net.
You rip the net and break free!
Harold hits you but does no damage.
There is a stone staircase leading down here.
Harold gestures at you while chanting. The bolt of fire hits you!
* * * LOW HITPOINT WARNING * * *
You climb downwards.
You block the spiny frog's attack.
There is a stone staircase leading up here.
Your +2 quarterstaff of chaos is briefly surrounded by a scintillating aura of random colours.
a - a +2 quarterstaff of chaos (weapon)
The spiny frog stings you!
You die...

#........ #........ {
#........ #........
################........
...................[....
........................
.......@................
##.....F................
#......................
#........P......#......
#..#..###........##..##.
.. ### #........P#### #
. #....PP..## #........#
#.....:..#


You could see a spiny frog.

Vanquished Creatures
  Josephine (D:10)
  The ghost of Tarnath the Carver, a novice MiFi of Okawaru (D:8)
  2 orc knights
  Pikel (D:5)
  The ghost of ZenAnTen the Ducker, a novice DsSk of Okawaru (D:6)
  An ugly thing (D:10)
  Joseph (Lair:1)
  A black mamba (Lair:1)
  2 centaur skeletons (D:9)
  A spiny frog (Lair:1)
  A gargoyle (D:9)
  2 centaur zombies (D:10)
  2 trolls (D:10)
  Grinder (D:5)
  2 wyverns
  5 wraiths (D:10)
  A vampire (D:9)
  11 yaks
  A yak (shapeshifter) (D:9)
  A hippogriff (D:9)
  A hungry ghost (D:7)
  12 wargs (D:9)
  2 hell hounds (D:10)
  2 ice beasts
  4 sky beasts
  5 orc warriors
  A black bear (D:6)
  3 phantoms
  7 ogres
  2 crocodiles
  4 centaurs
  2 big kobolds
  Blork the orc (D:5)
  6 giant frogs
  2 water moccasin zombies
  2 scorpions (D:8)
  5 killer bees (D:8)
  A howler monkey (D:6)
  2 giant frog zombies
  4 crimson imps
  5 orc priests
  4 jellies
  11 orc wizards
  9 hounds
  A giant frog skeleton (D:5)
  4 iguanas
  5 worker ants
  11 sheep (Lair:1)
  A hound skeleton (D:6)
  3 howler monkey zombies
  Robin (D:3)
  7 gnolls
  A howler monkey skeleton (D:4)
  14 adders
  3 river rats (Lair:1)
  2 shadow imps
  An ooze (D:2)
  An adder skeleton (D:6)
  5 worms
  4 dart slugs
  4 giant geckos
  62 orcs
  13 giant cockroaches
  14 goblins
  8 hobgoblins
  3 jackals (D:4)
  5 quokkas
  2 ball pythons (D:3)
  5 bats
  A giant cockroach zombie (D:6)
  A giant gecko skeleton (D:5)
  A giant newt (D:6)
  16 kobolds
  7 rats
342 creatures vanquished.

Vanquished Creatures (others)
  An orc warlord (D:9)
  A komodo dragon (D:8)
  A warg (D:9)
  A slave (D:5)
  A sky beast (D:6)
  A giant frog (D:9)
  Crazy Yiuf (D:6)
  An orc wizard (D:6)
  A giant cockroach (D:6)
  A giant gecko zombie (D:5)
  A plant (D:3)
11 creatures vanquished.

Grand Total: 353 creatures vanquished

Notes
Turn   | Place    | Note
--------------------------------------------------------------
     0 | D:1      | Freud the Formicid Fighter began the quest for the Orb.
     0 | D:1      | Reached XP level 1. HP: 18/18 MP: 1/1
   133 | D:1      | Reached XP level 2. HP: 24/24 MP: 2/2
   406 | D:1      | Reached XP level 3. HP: 28/29 MP: 3/3
   815 | D:1      | Reached XP level 4. HP: 31/35 MP: 4/4
  1070 | D:2      | Reached XP level 5. HP: 21/41 MP: 5/5
  1171 | D:2      | Reached skill level 5 in Staves
  1280 | D:2      | Found a white marble altar of Elyvilon.
  1280 | D:2      | Found a deep blue altar of Sif Muna.
  1707 | D:3      | Learned a level 1 spell: Summon Butterflies
  1863 | D:3      | Noticed Robin
  1929 | D:2      | Learned a level 1 spell: Summon Butterflies
  2015 | D:3      | Reached XP level 6. HP: 29/47 MP: 6/6
  2123 | D:3      | Killed Robin
  2691 | D:3      | Found a shimmering altar of Xom.
  2756 | D:4      | Reached skill level 5 in Shields
  2910 | D:4      | Reached XP level 7. HP: 47/52 MP: 7/7
  3642 | D:5      | Entered Level 5 of the Dungeon
  3642 | D:5      | Noticed Blork the orc
  3655 | D:5      | Killed Blork the orc
  3665 | D:5      | Noticed Pikel
  3689 | D:5      | Killed Pikel
  3689 | D:5      | Reached XP level 8. HP: 13/60 MP: 8/8
  3727 | D:5      | Found Taskotsa's Gadget Boutique.
  3943 | D:5      | Noticed Grinder
  3961 | D:5      | Killed Grinder
  3961 | D:5      | Reached skill level 5 in Armour
  3961 | D:5      | Reached XP level 9. HP: 42/65 MP: 9/9
  4464 | D:6      | Reached skill level 1 in Crossbows
  4642 | D:6      | Killed Crazy Yiuf
  4718 | D:6      | Noticed ZenAnTen's ghost (novice DsSk)
  4755 | D:6      | Killed ZenAnTen's ghost
  4887 | D:5      | Reached skill level 1 in Summonings
  4901 | D:5      | HP: 1/65 [sky beast (5)]
  4921 | D:5      | Gained mutation: You are resistant to hostile enchantments. [mutagenic meat]
  4922 | D:5      | Gained mutation: You are clumsy. (Dex -2) [mutagenic meat]
  4923 | D:5      | Gained mutation: You regenerate slowly when monsters are visible. [mutagenic meat]
  5009 | D:6      | Found a staircase to the Ecumenical Temple.
  5016 | Temple   | Entered the Ecumenical Temple
  5225 | Temple   | Became a worshipper of Warmaster Okawaru
  5343 | D:6      | Reached skill level 1 in Spellcasting
  5535 | D:6      | Reached XP level 10. HP: 71/71 MP: 11/11
  5968 | D:7      | Reached skill level 5 in Crossbows
  6108 | D:7      | Reached * piety under Okawaru
  6285 | D:7      | Reached skill level 1 in Invocations
  6401 | D:8      | You fall through a shaft!
  6585 | D:8      | Reached skill level 5 in Fighting
  6590 | D:8      | Reached ** piety under Okawaru
  6655 | D:8      | Noticed Tarnath's ghost (novice MiFi)
  7128 | D:8      | Found an oddly glowing altar of Pakellas.
  7128 | D:8      | Noticed an orange crystal statue
  7129 | D:8      | Noticed a komodo dragon
  7134 | D:8      | Killed a komodo dragon
  7433 | D:9      | Found a shadowy altar of Dithmenos.
  7454 | D:8      | Got a translucent leather armour
  7480 | D:8      | Identified the +0 leather armour of Minor Irritation {Int+5 Slay+3} (You found it on level 8 of the Dungeon)
  7706 | D:8      | Killed Tarnath's ghost
  7706 | D:8      | Reached XP level 11. HP: 58/81 MP: 12/14
  7837 | D:8      | Found an opulent altar of Gozag.
  8192 | D:9      | Reached *** piety under Okawaru
  8192 | D:9      | Reached skill level 5 in Invocations
  8235 | D:9      | Gained mutation: Your spells are a little easier to cast, but a little less powerful. [mutagenic meat]
  8236 | D:9      | Gained mutation: Scrolls take you a little longer to read. [mutagenic meat]
  8237 | D:9      | Gained mutation: You are covered in fur (AC +1). [mutagenic meat]
  8350 | D:9      | Found a glowing golden altar of the Shining One.
  8473 | D:9      | Reached skill level 1 in Dodging
  8528 | D:9      | HP: 3/83 [warg (6)]
  9201 | D:9      | Noticed an orc warlord
  9202 | D:9      | Noticed an orc knight
  9242 | D:10     | Entered Level 10 of the Dungeon
  9429 | D:10     | Noticed Josephine
  9462 | D:10     | Reached **** piety under Okawaru
  9462 | D:10     | Received a gift from Okawaru
  9573 | D:10     | Noticed a cyan ugly thing
  9588 | D:10     | Killed a cyan ugly thing
  9708 | D:10     | Found a staircase to the Orcish Mines.
 10104 | D:10     | Found a staircase to the Lair.
 10172 | D:10     | Killed Josephine
 10178 | D:10     | Reached XP level 12. HP: 80/94 MP: 17/17
 10748 | D:9      | Received a gift from Okawaru
 11088 | D:9      | Reached ***** piety under Okawaru
 11216 | D:9      | Banished an orc warlord
 11273 | D:9      | Reached skill level 10 in Shields
 11803 | D:9      | Found a blossoming altar of Fedhas.
 11812 | D:9      | Found an ancient bone altar of Kikubaaqudgha.
 11860 | D:9      | Found a shattered altar of Ashenzari.
 11894 | D:9      | Reached skill level 10 in Fighting
 12137 | Lair:1   | Entered Level 1 of the Lair of Beasts
 12137 | Lair:1   | Noticed Joseph
 12224 | Lair:1   | Killed Joseph
 12288 | Lair:1   | Received a gift from Okawaru
 12510 | Lair:1   | You fall through a shaft!
 12755 | Lair:1   | Noticed Harold
 12790 | Lair:2   | Slain by a spiny frog

Skill      XL: |  1  2  3  4  5  6  7  8  9 10 11 12 |
---------------+-------------------------------------+-----
Staves         | 3 4 5 6 8 9 |  9.0
Shields        | 5 6 9 10 | 10.6
Fighting       | 4 6 8 10 | 10.3
Armour         | 4 5 6 8 9 |  9.2
Crossbows      | 4 7 8 |  8.0
Summonings     | 1 |  1.1
Spellcasting   | 1 |  1.1
Invocations    | 4 6 8 |  8.0
Dodging        | 2 |  2.0

Action                   |  1- 3 |  4- 6 |  7- 9 | 10-12 || total
-------------------------+-------+-------+-------+-------++-------
Melee: Quarterstaff      |    83 |   236 |   265 |   930 ||  1514
       Dagger            |       |       |     6 |     2 ||     8
 Fire: Hand crossbow     |       |       |       |    80 ||    80
Throw: Stone             |     1 |       |       |       ||     1
       Throwing net      |       |       |     3 |       ||     3
       Tomahawk          |       |       |       |    15 ||    15
 Cast: Summon Butterflie |       |       |     1 |       ||     1
Invok: Heroism           |       |       |       |     9 ||     9
       Finesse           |       |       |       |     1 ||     1
 Abil: Dig               |       |       |       |     8 ||     8
  Use: Potion            |       |     2 |     2 |     3 ||     7
       Scroll            |       |     4 |     5 |     5 ||    14
 Stab: Paralysed         |       |       |     2 |     5 ||     7
       Confused          |       |       |       |     4 ||     4
       Petrifying        |       |       |       |     5 ||     5
       Petrified         |       |       |       |     3 ||     3
  Eat: Chunk             |       |     7 |    12 |    31 ||    50
Armor: Scale mail        |    40 |    47 |    38 |       ||   125
       Ring mail         |       |    22 |       |    12 ||    34
       Leather armour    |       |       |    10 |       ||    10
       Chain mail        |       |       |       |   111 ||   111
       Plate armour      |       |       |       |    56 ||    56
Dodge: Dodged            |    24 |    72 |    61 |   180 ||   337
Block: Shield            |    37 |   124 |   133 |   410 ||   704
